 Dungeon Crawl Stone Soup version 0.27-a0-1272-g7c8ad2e407 (webtiles) character file.

Game seed: 9821596270380622224

40 Froggeryz the Chopper (level 3, -4/27 HPs)
             Began as a Demonspawn Gladiator on June 11, 2021.
             Killed from afar by Natasha (7 damage)
             ... with a puff of flame
             ... on level 2 of the Dungeon.
             The game lasted 00:00:57 (1228 turns).

Froggeryz the Chopper (Demonspawn Gladiator)        Turns: 1228, Time: 00:00:58

Health: -4/27      AC:  3    Str: 15    XL:     3   Next: 30%
Magic:  3/3        EV: 12    Int:  9    God:
Gold:   12         SH:  0    Dex: 14    Spells: 2/2 levels left

rFire    . . .     SeeInvis .   a - +0 war axe
rCold    . . .     Faith    .   (no shield)
rNeg     . . .     Spirit   .   b - +0 leather armour
rPois    .         Reflect  .   (helmet restricted)
rElec    .         Harm     .   (no cloak)
rCorr    .         Rampage  .   (no gloves)
Will     .....                  (no boots)
Stlth    +.........             (no amulet)
HPRegen  0.09/turn              (no ring)
MPRegen  0.08/turn              (no ring)

@: slowed, very slow
A: antennae 1, powered by death 1
a: no special abilities


You were on level 2 of the Dungeon.
You visited 1 branch of the dungeon, and saw 2 of its levels.

You collected 12 gold pieces.

Inventory:

Hand Weapons
 a - a +0 war axe (weapon)
Missiles
 d - 3 throwing nets
 i - 7 poisoned darts (quivered)
Armour
 b - a +0 leather armour (worn)
Scrolls
 e - a scroll of torment {unknown}
 f - a scroll of vulnerability {unknown}
 g - 3 scrolls of amnesia {unknown}
Potions
 h - a potion of curing {unknown}


   Skills:
 - Level 2.0 Fighting
 * Level 4.0 Axes
 - Level 1.7 Throwing
 - Level 2.6 Dodging


You had 2 spell levels left.
You didn't know any spells.
Your spell library was empty.

Dungeon Overview and Level Annotations

Branches:
Dungeon (2/15)

Altars:

Annotations:
D:2 Natasha


Innate Abilities, Weirdness & Mutations

You have a pair of small antennae on your head.
You regenerate a little health from kills.


Message History

There is a stone staircase leading down here.
You climb downwards.
An endoplasm comes into view.
Found 13 arrows.
There is a stone staircase leading up here.
An endoplasm is nearby!
An endoplasm is nearby!
Found a scroll labelled RUSEH DOCECA.
An endoplasm is nearby!
The helpless endoplasm fails to defend itself.
You slash the endoplasm!
You kill the endoplasm!
No target in view!
A hobgoblin comes into view.
The hobgoblin shouts!
You hear an angry hiss.
Natasha, Servant of Life and Death comes into view.
She is carrying a wand of flame (17).
Natasha mumbles some strange words.
Found a stone staircase leading up.
There are monsters nearby!
Natasha stares at you and mumbles some strange words.
You resist with significant effort.
There are monsters nearby!
The hobgoblin barely misses you.
Natasha stares at you and mumbles some strange words.
The magic dart hits you!
You slash the hobgoblin!
You kill the hobgoblin!
You hit the iron imp but do no damage.
Natasha howls an incantation.
You feel disoriented. Natasha casts a spell at you.
You resist with significant effort. The iron imp hits you.
Natasha zaps a wand.
The puff of flame hits you! The iron imp hits you!
* * * LOW HITPOINT WARNING * * *
Natasha casts a spell at you.
You feel yourself slow down.
You closely miss Natasha. You hit the iron imp but do no damage.
Natasha zaps a wand.
The puff of flame hits you!
You die...

###.###.####.##.
#.......<..(....
#.....#..^.....#
#....##.........
#...............
#....##.......##
#....##.......#
....?###.5........#
......
#.@†.........
.....##..h.......
..... #..........
..... #..........
.... #.....<....
#..........
##.........
..........


You could see an iron imp (summoned) and Natasha.

Vanquished Creatures
  A gnoll (D:1)
  2 ball pythons (D:1)
  3 endoplasms
  6 goblins (D:1)
  5 hobgoblins
  5 bats (D:1)
  A frilled lizard (D:1)
  2 kobolds (D:1)
25 creatures vanquished.

Notes
Turn   | Place    | Note
-------+----------+-------------------------------------------
     0 | D:1      | Froggeryz the Demonspawn Gladiator began the quest for the
                  | Orb.
     0 | D:1      | Reached XP level 1. HP: 16/16 MP: 1/1
   143 | D:1      | Reached skill level 3 in Axes
   353 | D:1      | Gained mutation: You have a pair of small antennae on your
                  | head. [demonic ancestry]
   353 | D:1      | Reached XP level 2. HP: 22/22 MP: 2/2
   746 | D:1      | Gained mutation: You regenerate a little health from kills.
                  | [demonic ancestry]
   746 | D:1      | Reached XP level 3. HP: 27/27 MP: 3/3
   899 | D:1      | Reached skill level 4 in Axes
  1222 | D:2      | Noticed Natasha
  1228 | D:2      | Killed from afar by Natasha

Illustrated notes

Levels and vault maps discovered:
D:1:      kennysheep_arrival_forest, layout_basic
D:2:      layout_rooms, basic_altar, uniq_terence, uniq_natasha

Skill      XL: |  1  2  3 |
---------------+----------+-----
Axes           | 3 4 |  4.0
Fighting       | |  2.0
Throwing       | |  1.7
Dodging        | |  2.6

Action                   || total
-------------------------++-------
Melee: War axe           ||    58
 Stab: Sleeping          ||     1
Armor: Leather armour    ||    17
Dodge: Dodged            ||    37

Table legend: (Time is in decaauts)
 A = Elapsed time spent in this place.
 B = Non-inter-level travel time spent in this place.
 C = Inter-level travel time spent in this place.
 D = Time resting spent in this place.
 E = Time spent auto-exploring this place.
 F = Levels seen in this place.
 G = Mean time per level.
                   A        B        C        D        E       F      G
               +--------+--------+--------+--------+--------+-----+--------+
         Total |   1246 |   1195 |     51 |    124 |    909 |   2 |  623.0 |
       Dungeon |   1246 |   1195 |     51 |    124 |    909 |   2 |  623.0 |
               +--------+--------+--------+--------+--------+-----+--------+

Top non-repeatable levels by time:
     D:1: 1232 daAuts
     D:2: 14 daAuts
